 Dungeon Crawl Stone Soup version 0.26-a0-597-gb535b0901c (webtiles) character file.

Game seed: 5084780542091048699

48 Lanoc the Skirmisher (level 3, -9/34 HPs)
             Began as a Minotaur Delver on Sept 5, 2020.
             Mangled by a crocodile (17 damage)
             ... in a sewer.
             The game lasted 00:01:02 (412 turns).

Lanoc the Skirmisher (Minotaur Delver)               Turns: 412, Time: 00:01:03

Health: -9/34      AC:  3    Str: 16    XL:     3   Next: 50%
Magic:  2/2        EV: 13    Int:  7    God:
Gold:   22         SH:  0    Dex: 12    Spells: 2/2 levels left

rFire    . . .     SeeInvis .   a - +0 falchion
rCold    . . .     Faith    .   (no shield)
rNeg     . . .     Spirit   .   b - +0 leather armour
rPois    .         Reflect  .   (helmet restricted)
rElec    .         Harm     .   (no cloak)
rCorr    .                      (no gloves)
MR       .....                  (no boots)
Stlth    ++........             (no amulet)
HPRegen  0.11/turn              (no ring)
MPRegen  0.08/turn              (no ring)

@: hasted, very quick
A: retaliatory headbutt, horns 2
a: no special abilities


You were in a sewer.
You visited 1 branch of the dungeon, and saw 3 of its levels.
You also visited: Sewer.

You collected 22 gold pieces.

Inventory:

Hand Weapons
 a - a +0 falchion (weapon)
Armour
 b - a +0 leather armour (worn)
Wands
 g - a wand of digging (3)
 h - a wand of disintegration (8)
Scrolls
 c - a scroll of fog
 e - a scroll of fear
 i - a scroll of identify {unknown}
 j - 3 scrolls of teleportation {unknown}
Potions
 d - a potion of stabbing {unknown}
 k - a potion of mutation {unknown}


   Skills:
 + Level 4.6 Fighting
 - Level 2.4 Long Blades
 + Level 3.4 Dodging
 - Level 4.1 Stealth


You had 2 spell levels left.
You didn't know any spells.
Your spell library was empty.

Dungeon Overview and Level Annotations

Branches:
Dungeon (6/15)              Sewer (1/1)
 Temple: D:4-7

Altars:

Annotations:
D:5 Sigmund


Innate Abilities, Weirdness & Mutations

You reflexively headbutt those who attack you in melee.
You have a pair of horns on your head.


Message History

The crocodile misses you. You furiously retaliate!
You headbutt the crocodile.
You riposte.
You closely miss the crocodile.
The crocodile is moderately wounded.
You hit the crocodile but do no damage.
The crocodile is moderately wounded.
The crocodile closely misses you.
You riposte.
You closely miss the crocodile.
The crocodile is moderately wounded.
You hit the crocodile.
The crocodile is heavily wounded.
The crocodile bites you but does no damage. x2
You hit the crocodile but do no damage.
The crocodile is heavily wounded.
The crocodile bites you!
You closely miss the crocodile.
The crocodile is heavily wounded.
The crocodile bites you!
* * * LOW HITPOINT WARNING * * *
You feel yourself speed up. The crocodile bites you!
Ouch! That really hurt!
You die...

## ######
#$!#.#?)#
[.#.#.)
#≈t≈#
##.@.##
#≈...≈#
#...≈.##
#...#≈..#
#.≈###≈.##
#.≈. #≈..#
#≈.# ##≈≈#
#.. #..#
#.≈ #..#


You could see a crocodile.

Vanquished Creatures
  A worker ant (D:5)
  A gnoll (D:5)
  An adder (D:4)
  2 jackals (Sewer)
  3 kobolds (Sewer)
8 creatures vanquished.

Notes
Turn   | Place    | Note
-------+----------+-------------------------------------------
     0 | D:5      | Lanoc the Minotaur Delver began the quest for the Orb.
     0 | D:5      | Reached XP level 1. HP: 19/19 MP: 0/0
     6 | D:5      | Noticed Sigmund
    31 | D:5      | Noticed a worker ant
    38 | D:5      | Killed a worker ant
    38 | D:5      | Reached XP level 2. HP: 28/28 MP: 1/1
   120 | D:5      | Reached XP level 3. HP: 33/34 MP: 2/2
   163 | D:4      | Found a glowing drain.
   178 | Sewer    | Entered a sewer
   400 | Sewer    | Noticed a crocodile
   412 | Sewer    | Mangled by a crocodile

Illustrated notes

Levels and vault maps discovered:
D:4:      layout_basic, nicolae_overflow_hidden_temple, portal_sewer_entry_d,
          uniq_ijyb
D:5:      layout_loops_ring, minmay_temple_entry_mist, uniq_crazy_yiuf_cottage,
          uniq_sigmund
D:6:      gammafunk_steamed_eel, layout_loops_ring
Sewer:    sewer_the_crocodile

Skill      XL: |  1 |
---------------+----+-----
Fighting       | 4 |  4.6
Dodging        | 3 |  3.4
Long Blades    | |  2.4
Stealth        | |  4.1

Action                   || total
-------------------------++-------
Melee: Falchion          ||    20
       Headbutt          ||     1
Evoke: Wand              ||     2
  Use: Scroll            ||     1
       Potion            ||     1
 Stab: Sleeping          ||     1
Armor: Leather armour    ||     3
Dodge: Dodged            ||    20
       Rpst.: Falchion   ||     8

Table legend: (Time is in decaauts)
 A = Elapsed time spent in this place.
 B = Non-inter-level travel time spent in this place.
 C = Inter-level travel time spent in this place.
 D = Time resting spent in this place.
 E = Time spent auto-exploring this place.
 F = Levels seen in this place.
 G = Mean time per level.
                   A        B        C        D        E       F      G
               +--------+--------+--------+--------+--------+-----+--------+
         Total |    422 |    422 |      0 |      0 |    300 |   4 |  105.5 |
       Dungeon |    184 |    184 |      0 |      0 |     87 |   3 |   61.3 |
         Sewer |    238 |    238 |      0 |      0 |    213 |   1 |  238.0 |
               +--------+--------+--------+--------+--------+-----+--------+

Top non-repeatable levels by time:
   Sewer: 238 daAuts
     D:5: 122 daAuts
     D:4: 50 daAuts
     D:6: 11 daAuts
